 Dungeon Crawl Stone Soup version 0.27-a0-1139-g28e009f8a6 (webtiles) character file.

Game seed: 8371713080357733108

58 Anon1729 the Slasher (level 4, -4/35 HPs)
             Began as a Barachi Gladiator on May 7, 2021.
             Killed from afar by an orc wizard (8 damage)
             ... with a magic dart
             ... on level 3 of the Dungeon.
             The game lasted 00:01:36 (2141 turns).

Anon1729 the Slasher (Barachi Gladiator)            Turns: 2141, Time: 00:01:36

Health: -4/35      AC:  4    Str: 17    XL:     4   Next: 2%
Magic:  4/4        EV: 13    Int:  8    God:
Gold:   33         SH:  0    Dex: 19    Spells: 3/3 levels left

rFire    . . .     SeeInvis .   a - +0 long sword
rCold    . . .     Faith    .   (no shield)
rNeg     . . .     Spirit   .   b - +0 leather armour
rPois    .         Reflect  .   c - +0 helmet
rElec    .         Harm     .   (no cloak)
rCorr    .         Rampage  .   (no gloves)
Will     .....                  (no boots)
Stlth    +.........             (no amulet)
HPRegen  0.11/turn              i - +6 ring of dexterity
MPRegen  0.09/turn              (no ring)

@: slow
A: amphibious, slowness 1, strong legs 1, +LOS
a: Hop


You were on level 3 of the Dungeon.
You visited 1 branch of the dungeon, and saw 3 of its levels.

You collected 33 gold pieces.

Inventory:

Hand Weapons
 a - a +0 long sword (weapon)
Missiles
 d - 3 throwing nets (quivered)
Armour
 b - a +0 leather armour (worn)
 c - a +0 helmet (worn)
Jewellery
 i - a +6 ring of dexterity (left hand)
Scrolls
 e - 3 scrolls of identify {unknown}
 h - a scroll of noise {unknown}
Potions
 f - a potion of flight {unknown}
 g - 2 potions of brilliance {unknown}
 j - a potion of lignification {unknown}
 k - a potion of heal wounds {unknown}


   Skills:
 + Level 3.2 Fighting
 * Level 4.7 Long Blades
 - Level 2.1 Throwing
 + Level 3.8 Dodging


You had 3 spell levels left.
You didn't know any spells.
Your spell library contained the following spells:

 Spells                   Type           Power      Damage    Failure   Level
 Pain                     Necr           0%         1d4       47%         1
 Corpse Rot               Necr/Air       N/A        N/A       63%         2
 Sublimation of Blood     Necr           0%         N/A       63%         2
 Vampiric Draining        Necr           0%         2d6       85%         3


Dungeon Overview and Level Annotations

Branches:
Dungeon (3/15)

Altars:
Kikubaaqudgha
The Shining One


Innate Abilities, Weirdness & Mutations

You are amphibious.
You cover ground slowly.
You can hop short distances.
You have an extended range of vision and can be seen from far away.


Message History

The orc wizard flickers and vanishes!
You barely miss something. You slash the orc!
You kill the orc!
You hear some strange, mumbled words.
Something tries to affect you, but you resist.
You have reached level 4!
You feel stronger.
No target in view!
Something barely misses you.
You see here a +0 whip.
You hit something. Something hits you.
You barely miss something. Something hits you but does no damage.
Something hits you.
You completely miss something.
You hear some strange, mumbled words.
Something tries to affect you, but you resist.
You closely miss something.
You hear some strange, mumbled words.
A puff of flame appears from out of thin air!
The puff of flame hits something!
Something hits you but does no damage.
You hit something but do no damage.
You hear some strange, mumbled words.
A magic dart appears from out of thin air!
The magic dart hits you.
You hit something.
You hear some strange, mumbled words.
A magic dart appears from out of thin air!
The magic dart hits you!
* * * LOW HITPOINT WARNING * * *
You miss something. Something hits you.
* * * LOW HITPOINT WARNING * * *
You hear some strange, mumbled words.
You hit something.
Reactivating autopickup.
You feel a bit more experienced.
A magic dart appears from out of thin air!
Deactivating autopickup; reactivate with Ctrl-A.
The magic dart hits you!
You die...

######## #......
#.....# #.....# .....
.{. #)# #@######..
#.#....... # #...#
...######..##
....##.## #..#$#
##....# ## ####.....#
.########.....##.....#


There were no monsters in sight!

Vanquished Creatures
  An orc wizard (D:3)
  An adder (D:3)
  4 orcs (D:3)
  5 ball pythons
  A bat (D:1)
  2 endoplasms (D:1)
  3 giant cockroaches (D:1)
  4 hobgoblins
  8 jackals
  A quokka (D:1)
  A frilled lizard (D:3)
  3 kobolds (D:1)
  7 rats
41 creatures vanquished.

Notes
Turn   | Place    | Note
-------+----------+-------------------------------------------
     0 | D:1      | Anon1729 the Barachi Gladiator began the quest for the Orb.
     0 | D:1      | Reached XP level 1. HP: 17/17 MP: 1/1
   195 | D:1      | Reached XP level 2. HP: 23/23 MP: 2/2
   489 | D:1      | Reached skill level 4 in Long Blades
   947 | D:1      | Reached XP level 3. HP: 24/28 MP: 3/3
  1280 | D:2      | Found a glowing golden altar of the Shining One.
  1424 | D:2      | Found a faded altar of an unknown god.
  1582 | D:2      | Became a worshipper of Kikubaaqudgha
  1582 | D:2      | Reached * piety under Kikubaaqudgha
  1582 | D:2      | Identified Kikubaaqudgha's Volume of Darkness
                  | (Kikubaaqudgha gifted it to you on level 2 of the Dungeon)
  1582 | D:2      | Received a gift from Kikubaaqudgha
  1869 | D:3      | Fell from the grace of Kikubaaqudgha
  2133 | D:3      | Reached XP level 4. HP: 18/35 MP: 4/4
  2141 | D:3      | Killed from afar by an orc wizard

Illustrated notes

Levels and vault maps discovered:
D:1:      dpeg_arrival_radiant, layout_basic
D:2:      layout_basic, basic_altar, chequers_ecumenical_altar_island,
          kennysheep_generic_room_8
D:3:      layout_rooms, nicolae_hepliaklqana_hippocampus,
          grunt_temple_overflow_diamond

Skill      XL: |  1  2  3 |
---------------+----------+-----
Long Blades    | 4 |  4.7
Fighting       | 3 |  3.2
Throwing       | |  2.1
Dodging        | |  3.8

Action                   |  1- 3 |  4- 6 || total
-------------------------+-------+-------++-------
Melee: Long sword        |   103 |     8 ||   111
Invok: Renounce Religion |     1 |       ||     1
 Stab: Sleeping          |     1 |       ||     1
Armor: Leather armour    |    33 |     2 ||    35
Dodge: Dodged            |    93 |     1 ||    94
       Rpst.: Long sword |    38 |       ||    38

Table legend: (Time is in decaauts)
 A = Elapsed time spent in this place.
 B = Non-inter-level travel time spent in this place.
 C = Inter-level travel time spent in this place.
 D = Time resting spent in this place.
 E = Time spent auto-exploring this place.
 F = Levels seen in this place.
 G = Mean time per level.
                   A        B        C        D        E       F      G
               +--------+--------+--------+--------+--------+-----+--------+
         Total |   2350 |   2243 |    107 |    432 |   1545 |   3 |  783.3 |
       Dungeon |   2350 |   2243 |    107 |    432 |   1545 |   3 |  783.3 |
               +--------+--------+--------+--------+--------+-----+--------+

Top non-repeatable levels by time:
     D:1: 1367 daAuts
     D:3: 546 daAuts
     D:2: 435 daAuts
